 Dungeon Crawl Stone Soup version 0.18.1-48-g4cf74bf (webtiles) character file.

218 WarriorsX the Magician (level 6, -8/42 HPs)
             Began as a Human Ice Elementalist on July 24, 2016.
             Was an Initiate of Sif Muna.
             Killed from afar by Blork the orc (9 damage)
             ... with a puff of flame
             ... on level 3 of the Dungeon.
             The game lasted 00:23:28 (3579 turns).

WarriorsX the Magician (Human Ice Elementalist)     Turns: 3579, Time: 00:23:32

Health: -8/42      AC:  2    Str:  8 (9)  XL:     6   Next: 17%
Magic:  5/13       EV: 12    Int: 15 (17) God:    Sif Muna [......]
Gold:   73         SH:  2    Dex: 10 (13) Spells: 2 memorised, 11 levels left

rFire  . . .     SeeInvis .     k - +4 mace
rCold  . . .     Gourm    .     a - +0 robe
rNeg   . . .     Faith    .     (no shield)
rPois  .         Spirit   .     (no helmet)
rElec  .         Dismiss  .     (no cloak)
rCorr  .         Reflect  +     (no gloves)
SustAt .         Harm     .     (no boots)
MR     .....                    e - +2 amulet of reflection
Stlth  +.........               (no ring)
                                u - ring of loudness (curse)

@: not resistant to hostile enchantments, very unstealthy
A: no striking features
a: Renounce Religion


You were on level 3 of the Dungeon.
You worshipped Sif Muna.
Sif Muna was noncommittal.
You were not hungry.

You visited 1 branch of the dungeon, and saw 4 of its levels.

You collected 73 gold pieces.

Inventory:

Hand Weapons
 d - a +0 whip of holy wrath
 k - a +4 mace (weapon)
 r - a cursed -2 short sword
Armour
 a - a +0 robe (worn)
Jewellery
 e - a +2 amulet of reflection (around neck)
 u - a cursed ring of loudness (left hand)
Scrolls
 j - 2 scrolls of identify
 l - a scroll of recharging {unknown}
 q - 2 scrolls of remove curse
Potions
 f - 2 potions of agility
 h - 2 potions of curing
Books
 b - a book of Frost

   Spells                             Type                      Level
   a - Freeze                         Ice                          1
   b - Throw Frost                    Conjuration/Ice              2
   c - Ozocubu's Armour               Charms/Ice                   3
   d - Throw Icicle                   Conjuration/Ice              4
   e - Summon Ice Beast               Ice/Summoning                4
Comestibles
 c - 5 bread rations
 g - a royal jelly
 i - 3 meat rations
 m - 2 slices of pizza
 t - a beef jerky


   Skills:
 + Level 0.4 Fighting
 - Level 2.0 Dodging
 - Level 2.0 Stealth
 * Level 4.8 Spellcasting
 + Level 1.3 Conjurations
 + Level 3.9 Ice Magic


You had 11 spell levels left.
You knew the following spells:

 Your Spells              Type           Power        Failure   Level  Hunger
a - Freeze                Ice            ###.         3%          1    None
b - Throw Frost           Conj/Ice       ##....       12%         2    ##.....


Dungeon Overview and Level Annotations

Branches:
Dungeon (4/15)
 Temple: D:4-7

Altars:
Sif Muna

Annotations:
D:3 Blork the orc
D:4 Robin


Message History

Casting: Freeze
Confirm with . or Enter, or press ? or * to list all spells.
Aiming: Freeze
Press: ? - help, Shift-Dir - straight line, f/p - Blork the orc
Aim: Blork the orc, wielding a scimitar and wearing a robe (heavily wounded, fast)
You freeze Blork the orc.
Blork the orc is severely wounded.
Blork the orc completely misses you.
Casting: Freeze
Confirm with . or Enter, or press ? or * to list all spells.
Aiming: Freeze
Press: ? - help, Shift-Dir - straight line, f/p - Blork the orc
Aim: Blork the orc, wielding a scimitar and wearing a robe (severely wounded, fast)
You freeze Blork the orc.
Blork the orc is severely wounded.
Blork the orc hits you with a scimitar!
* * * LOW HITPOINT WARNING * * *
Blork the orc gestures at you while chanting.
The puff of flame hits you!
You die...

#.#.####.###.####
#.#.##...........
#.#.##.#.###.####
#.#.##.#.# #.# #
#......#.# #.# #
####.####.###.####
#>................
#o##.########.####
#@##.# #.# #
#.##.# #รท# #
#.##.# #.# #
#.##.# #.# #
#.##.# #.# #
#.##.########.####
#.................
####.########.####
#.# #.# #.


You could see Blork the orc.

Vanquished Creatures
  Ijyb (D:2)
  Terence (D:3)
  An orc wizard (D:3)
  6 adders
  3 worms
  A dart slug (D:3)
  2 giant geckos
  3 orcs
  9 goblins
  4 hobgoblins
  12 jackals
  12 kobolds
  10 bats
  5 giant newts
  7 rats
77 creatures vanquished.

Notes
Turn   | Place    | Note
--------------------------------------------------------------
     0 | D:1      | WarriorsX the Human Ice Elementalist began the quest for the Orb.
     0 | D:1      | Reached XP level 1. HP: 13/13 MP: 3/3
   188 | D:1      | Reached XP level 2. HP: 18/19 MP: 2/5
   577 | D:1      | Reached skill level 3 in Spellcasting
   594 | D:1      | Reached XP level 3. HP: 20/24 MP: 2/7
  1336 | D:2      | Noticed Ijyb
  1348 | D:2      | Killed Ijyb
  1348 | D:2      | Reached XP level 4. HP: 24/30 MP: 1/9
  1429 | D:2      | Learned a level 2 spell: Throw Frost
  1676 | D:2      | Reached skill level 4 in Spellcasting
  1676 | D:2      | Reached XP level 5. HP: 35/35 MP: 6/11
  2753 | D:3      | Noticed Terence
  2875 | D:3      | Killed Terence
  2875 | D:3      | Reached XP level 6. HP: 19/42 MP: 4/13
  3401 | D:3      | Found a deep blue altar of Sif Muna.
  3404 | D:3      | Became a worshipper of Sif Muna the Loreminder
  3564 | D:4      | Noticed Blork the orc
  3564 | D:4      | Noticed Robin
  3579 | D:3      | HP: 1/42 [Blork the orc/scimitar (11)]
  3579 | D:3      | Killed from afar by Blork the orc

Skill      XL: |  1  2  3  4 |
---------------+-------------+-----
Spellcasting   | 3 4 |  4.8
Fighting       | |  0.4
Dodging        | |  2.0
Stealth        | |  2.0
Conjurations   | |  1.3
Ice Magic      | |  3.9

Action                   |  1- 3 |  4- 6 || total
-------------------------+-------+-------++-------
Melee: Unarmed           |    18 |     2 ||    20
 Cast: Freeze            |    66 |    64 ||   130
       Throw Frost       |       |    31 ||    31
  Use: Scroll            |     4 |     2 ||     6
       Potion            |     1 |     3 ||     4
  Eat: Chunk             |     1 |     8 ||     9
Armor: Robe              |    12 |    13 ||    25
Dodge: Dodged            |    40 |    50 ||    90
Block: Other             |     6 |     5 ||    11
